 Dungeon Crawl Stone Soup version 0.29.1-15-g9cfb28693d (webtiles) character file.

Game seed: 16116392606815958921

63 hawla the Chiller (level 4, -6/37 HPs)
             Began as a Meteoran Ice Elementalist on Mar 13, 2023.
             Mangled by an ice beast (11 damage)
             ... on level 4 of the Dungeon.
             The game lasted 00:06:04 (804 turns).

hawla the Chiller (Meteoran Ice Elementalist)        Turns: 804, Time: 00:06:04

Health: -6/37      AC: 10    Str:  9    XL:     4   Next: 56%
Magic:  6/10       EV: 13    Int: 18    God:
Gold:   113        SH:  0    Dex: 15    Spells: 2/10 levels left

rFire   + . .      SeeInvis .   m - +2 dagger (protect)
rCold   . . .      Faith    .   (no shield)
rNeg    . . .      Spirit   .   a - +1 robe
rPois   .          Reflect  .   (no helmet)
rElec   .          Harm     .   (no cloak)
rCorr   .          Rampage  .   (no gloves)
Will    .....      Rnd*Tele +   (no boots)
Stlth   +.........              (no amulet)
HPRegen 0.12/turn               f - ring of protection from fire
MPRegen 0.12/turn               (no ring)

@: under a protective aura, glowing
A: sense surroundings 1, otherworldly, glowing, explore regen, robust 1,
teleportitis 1, noise suppression
a: no special abilities


You were on level 4 of the Dungeon.
You visited 1 branch of the dungeon, and saw 4 of its levels.

You collected 113 gold pieces.

Inventory:

Hand Weapons
 m - a +2 dagger of protection (weapon)
Armour
 a - a +1 robe (worn)
Jewellery
 f - a ring of protection from fire (left hand)
Potions
 h - a potion of curing


   Skills:
 - Level 0.3 Fighting
 - Level 2.8 Dodging
 - Level 1.4 Stealth
 - Level 3.6 Spellcasting
 - Level 5.4 Ice Magic


You had 2 spell levels left.
You knew the following spells:

 Your Spells              Type           Power      Damage    Failure   Level
a - Freeze                Ice            88%        1d10      1%          1
b - Frozen Ramparts       Ice            44%        1d7       4%          3
c - Hailstorm             Conj/Ice       13%        3d5       45%         4

Your spell library contained the following spells:

 Spells                   Type           Power      Damage    Failure   Level
 Ozocubu's Armour         Ice            22%        N/A       4%          3


Dungeon Overview and Level Annotations

Branches:
Dungeon (4/15) Zot: 1591
 Temple: D:4-7

Altars:


Innate Abilities, Weirdness & Mutations

You passively map a small area around you.
You are easily found by Zot.
You glow in the dark.
You regain HP and MP as you explore.
You are robust. (+10% HP)
You are occasionally teleported next to monsters.
You passively dampen the noise of your surroundings.


Message History

The ice beast hits you but does no damage.
You hit the ice beast.
The ice beast is heavily wounded.
The ice beast closely misses you.
You closely miss the ice beast.
The ice beast is heavily wounded.
The ice beast hits you but does no damage.
You hit the ice beast.
The ice beast is heavily wounded.
The ice beast hits you but does no damage.
You hit the ice beast.
The ice beast is heavily wounded.
The ice beast closely misses you.
You closely miss the ice beast.
The ice beast is heavily wounded.
The ice beast closely misses you.
You hit the ice beast.
The ice beast is severely wounded.
The ice beast hits you but does no damage.
You barely miss the ice beast.
The ice beast is severely wounded.
The ice beast closely misses you.
You barely miss the ice beast.
The ice beast is severely wounded.
The ice beast hits you but does no damage.
You hit the ice beast.
The ice beast is severely wounded.
The ice beast barely misses you.
You closely miss the ice beast.
The ice beast is severely wounded.
The ice beast hits you but does no damage.
You hit the ice beast.
The ice beast is severely wounded.
The ice beast hits you but does no damage.
You hit the ice beast but do no damage.
The ice beast is severely wounded.
The ice beast hits you.
* * * LOW HITPOINT WARNING * * *
The ice beast freezes you!
You die...

* * , , , * * ##+## *
*, * ##...## ,, ,
##.....## * ##* ,
##.......## ##.##*
###"........####...##
ยง.'.........'..Y@...#
###.........####...##,
##.......## ##.##
##.....## *## *
##...## * * ##+## * *


You could see an ice beast.

Vanquished Creatures
  3 worms (D:2)
  2 dart slugs (D:2)
  6 orcs
  3 ball pythons
  2 endoplasms
  9 goblins
  5 hobgoblins
  A quokka (D:1)
  2 bats
  2 frilled lizards
  4 kobolds
  4 rats
43 creatures vanquished.

Notes
Turn   | Place    | Note
-------+----------+-------------------------------------------
     0 | D:1      | hawla the Meteoran Ice Elementalist began the quest for the
                  | Orb.
     0 | D:1      | Reached XP level 1. HP: 14/14 MP: 5/5
    70 | D:1      | Reached XP level 2. HP: 15/20 MP: 0/6
   245 | D:2      | Reached XP level 3. HP: 26/26 MP: 6/8
   250 | D:2      | Reached skill level 5 in Ice Magic
   259 | D:1      | Learned a level 3 spell: Frozen Ramparts
   411 | D:2      | Reached XP level 4. HP: 19/33 MP: 2/10
   590 | D:2      | Found a faded altar of an unknown god.
   726 | D:4      | Gained mutation: You are robust. (+10% HP) [potion of
                  | mutation]
   726 | D:4      | Gained mutation: You are occasionally teleported next to
                  | monsters. [potion of mutation]
   726 | D:4      | Gained mutation: You passively dampen the noise of your
                  | surroundings. [potion of mutation]
   740 | D:4      | Learned a level 4 spell: Hailstorm
   748 | D:4      | Noticed an ice beast
   804 | D:4      | Mangled by an ice beast

Illustrated notes

Levels and vault maps discovered:
D:1:      sevenhm_arrival_forest_fort_small_4, layout_rooms,
          minmay_misc_feat_more_columns
D:2:      cheibrodos_greedy_goblins, layout_rooms,
          nicolae_ecumenical_lake_church, minmay_fountain_box
D:3:      layout_loops_corners, serial_shops, shop_fountains
D:4:      layout_loops_corners, gammafunk_ghost_abyssal_escape,
          amethyst_killhole, uniq_grinder, uniq_sigmund

Skill      XL: |  1  2  3 |
---------------+----------+-----
Spellcasting   | 3 |  3.6
Ice Magic      | 5 |  5.4
Fighting       | |  0.3
Dodging        | |  2.8
Stealth        | |  1.4

Action                   |  1- 3 |  4- 6 || total
-------------------------+-------+-------++-------
Melee: Unarmed           |    14 |     1 ||    15
       Dagger            |       |    58 ||    58
       Punch             |       |     1 ||     1
 Cast: Freeze            |    33 |     7 ||    40
       Frozen Ramparts   |     5 |     3 ||     8
  Use: Potion            |     1 |     2 ||     3
       Scroll            |       |    12 ||    12
Armor: Robe              |     7 |    25 ||    32
Dodge: Dodged            |    23 |    23 ||    46
